Map: Oblivion Express

Players

raincamp

  • Race: Zerg Zerg
  • Spawn Location: 12:00

raincamp

  • Race: Terran Terran
  • Spawn Location: 0:00

VOD

Have the link to the VOD?

Description

Time

  • Played on: Nov. 15, 2017, 7:58 a.m.
  • Length: 24:13
Show
View Real Time Build Order
Export as new Build Order

raincamp Zerg 

Build Orders:  

Get SALT Encoding   

  12  0:04  Drone  
  13  0:13  Drone  
  14  0:25  Overlord  
  14  0:51  Drone x2  
  14  0:54  Drone  
  14  0:57  Drone  
  14  0:58  Drone x2  
  20  1:20  Roach Warren  
  20  1:21  Drone  
  20  1:23  Drone  
  21  1:30  Extractor  
  20  1:42  Drone x2, Extractor  
  20  1:43  Drone  
  22  2:10  Spine Crawler  
  22  2:11  Spine Crawler  
  20  2:21  Drone  
  20  2:22  Drone  
  20  2:23  Overlord  
  22  3:09  Roach  
  24  3:13  Lair  
  24  3:19  Drone x2  
  26  3:42  Hatchery  
  25  4:03  Drone x3  
  25  4:04  Spire  
  27  4:50  Roach  
  27  4:52  Roach  
  27  4:53  Roach  
  27  4:54  Drone  
  27  4:55  Drone x4  
  36  5:05  Overlord  
  36  5:07  Overlord  
  36  5:12  Brutalisk  
  36  5:27  Extractor  
  36  5:28  Extractor  
  34  5:38  Roach  
  34  6:00  Brutalisk  
  34  6:33  Drone x3  
  34  6:35  Drone x4  
  34  6:39  Drone x2  
  43  6:58  Drone x4  
  47  7:01  Mutalisk x2  
  47  7:06  Overlord x3  
  51  7:16  Evolution Chamber  
  51  7:17  Mutalisk  
  51  7:19  Infestation Pit  
  51  7:25  Roach  
  51  7:47  Brutalisk  
  51  8:11  Zerg Flyer Weapons Level 1  
  51  8:12  Hive  
  51  8:13  Drone  
  51  8:14  Drone  
  51  8:16  Drone x3  
  51  8:17  Drone  
  51  8:18  Overlord x2  
  57  8:20  Zerg Missile Weapons Level 1  
  57  9:04  Mutalisk  
  57  9:32  Leviathan  
  57  9:41  Mutalisk x3  
  57  9:42  Mutalisk x3  
  57  9:47  Sundering Glave  
  69  9:55  Mutalisk  
  69  10:01  Mutalisk  
  69  10:02  Mutalisk  
  69  10:03  Mutalisk  
  73  10:23  Leviathan  
  73  10:31  Leviathan  
  73  10:32  Mutalisk  
  73  10:35  Overlord x2  
  73  10:36  Overlord x2  
  75  10:41  Drone x3  
  78  10:58  Roach, Mutalisk  
  82  11:32  Zerg Missile Weapons Level 2  
  82  11:34  Zerg Flyer Weapons Level 2  
  82  11:51  Mutalisk x2  
  82  11:53  Overlord x2  
  82  11:54  Roach  
  82  11:55  Roach x12  
  82  11:56  Roach  
  110  12:56  Mutalisk  
  110  12:57  Mutalisk x4  
  120  13:00  Roach x5  
  120  13:01  Roach x4  
  132  13:40  Mutalisk x2  
  132  13:41  Mutalisk  
  132  13:42  Overlord x4  
  132  13:43  Overlord  
  134  14:24  Mutalisk x3  
  140  14:48  Zerg Missile Weapons Level 3  
  140  15:29  Mutalisk x2  
  146  15:34  Vicious Glave  
  144  15:51  Mutalisk  
  144  16:01  Roach x3  
  144  16:02  Roach x15  
  176  16:35  Mutalisk x3  
  178  17:00  Mutalisk  
  178  17:04  Overlord x4  
  158  19:08  Mutalisk  
  158  19:09  Mutalisk x10  
  180  20:10  Mutalisk x5  
  190  20:45  Mutalisk x2  
  190  20:46  Mutalisk  
  194  21:28  Mutalisk x3  
  194  22:02  Mutalisk x3  
Show
View Real Time Build Order
Export as new Build Order

raincamp Terran 

Build Orders:  

Get SALT Encoding   

  12  0:30  Supply Depot  
Tags
 
Add a new tag
Caveats
  • Supply blocks, unpowered buildings, or Contaminate may cause inaccurate times.
  • Supply counts are checked every 10 seconds.